Map: Automaton LE

Players

LaDizz - Winner!

  • Race: Terran Terran
  • Spawn Location: 3:00

VOD

Have the link to the VOD?

Description

Time

  • Played on: Dec. 6, 2018, 10:23 a.m.
  • Length: 21:12
Show
View Real Time Build Order
Export as new Build Order

LaDizz Terran - Winner!

Build Orders:  

Get SALT Encoding   

  12  0:03  SCV  
  13  0:26  Supply Depot  
  13  0:28  SCV  
  14  0:52  SCV  
  14  0:55  Refinery  
  15  1:02  Barracks  
  15  1:13  SCV  
  16  1:26  Supply Depot  
  16  1:43  SCV  
  17  2:01  Engineering Bay  
  17  2:02  SCV  
  18  2:19  SCV  
  19  2:37  SCV  
  20  2:54  SCV  
  22  3:04  Reaper  
  22  3:19  Missile Turret  
  22  3:25  Command Center  
  22  3:34  Orbital Command  
  22  4:06  Marine  
  23  4:14  Factory  
  23  4:27  SCV  
  24  4:30  Missile Turret  
  24  4:35  Marine  
  25  4:44  SCV  
  26  4:59  Marine  
  25  5:02  Missile Turret  
  25  5:09  Barracks  
  26  5:18  Factory Reactor  
  26  5:30  Factory  
  26  5:40  Barracks  
  26  5:48  Marine  
  27  6:10  SCV  
  29  6:27  SCV  
  29  6:40  Barracks Tech Lab  
  29  6:43  Factory Reactor  
  29  6:49  Orbital Command  
  29  7:00  Supply Depot  
  29  7:06  Marine x2  
  31  7:11  Factory Tech Lab  
  31  7:25  Barracks Reactor  
  31  7:30  Starport  
  31  7:31  Marine x2  
  31  7:36  Terran Infantry Weapons Level 1  
  33  7:41  Engineering Bay  
  33  7:55  Refinery  
  33  8:04  Hellion  
  33  8:05  Hellion x2  
  39  8:17  Marauder  
  39  8:18  Marine x2  
  40  8:34  Hellion  
  39  8:49  SCV  
  32  9:06  SCV  
  31  9:13  Marine, Marauder  
  33  9:43  Marine  
  34  10:00  SCV  
  34  10:07  Marine x2  
  37  10:11  Unknown  
  37  10:25  Infernal Pre-Igniter  
  37  10:26  Marine  
  37  10:27  Marine x2, Missile Turret  
  40  10:33  SCV  
  41  10:47  Stimpack  
  41  10:50  SCV  
  41  10:58  Cyclone  
  41  10:59  Missile Turret  
  45  11:07  SCV  
  46  11:28  Refinery  
  46  11:39  Barracks  
  46  12:00  Starport  
  46  12:03  Starport Reactor  
  46  12:04  Refinery  
  46  12:22  Marine x2  
  46  12:29  Marine  
  49  12:31  Hellion  
  49  12:37  Hellion  
  53  12:40  Supply Depot  
  53  12:48  Barracks  
  53  13:10  Hellion  
  53  13:12  Starport Tech Lab, Supply Depot  
  53  13:19  Starport  
  55  13:31  Armory  
  55  13:34  SCV  
  55  13:37  Unknown  
  56  13:44  Supply Depot  
  56  13:51  SCV  
  56  13:56  Factory  
  57  14:08  SCV  
  58  14:16  Supply Depot  
  58  14:22  Hellion x2  
  58  14:25  SCV  
  58  14:26  Siege Tank  
  66  14:30  Unknown  
  66  14:37  Starport Reactor, Unknown  
  66  14:42  SCV  
  66  14:47  Supply Depot  
  67  14:59  SCV  
  68  15:05  Missile Turret  
  68  15:20  Supply Depot  
  68  15:34  Missile Turret  
  68  15:42  Marine x2  
  68  15:44  Marine  
  68  15:46  Barracks Reactor  
  68  15:47  Barracks Reactor  
  71  15:52  Factory Tech Lab  
  71  16:01  Medivac x2  
  71  16:02  Medivac x2  
  71  16:05  Viking  
  71  16:07  Unknown, Missile Turret  
  81  16:19  Terran Infantry Armor Level 1  
  81  16:26  Supply Depot  
  81  16:38  Missile Turret  
  81  16:43  Viking  
  81  16:44  Hellion  
  81  16:45  Hellion  
  87  17:27  Missile Turret  
  87  17:36  Missile Turret  
  87  17:53  Command Center  
  87  17:58  Hellion  
  89  18:13  Viking  
  91  18:23  Hellion  
  87  20:02  Hellion x5  
  87  20:13  Unknown  
  84  20:27  Unknown  
  82  20:41  Unknown  
  82  20:55  Unknown  
Tags
 
Add a new tag
Caveats
  • Supply blocks, unpowered buildings, or Contaminate may cause inaccurate times.
  • Supply counts are checked every 10 seconds.